 Dungeon Crawl Stone Soup version 0.31-a0-430-gf8416d752b (webtiles) character file.

Game seed: 9251186681715680443

6291 borbor the Protected (level 11, -3/84 HPs)
             Began as a Human Fighter on July 31, 2023.
             Was an Elder of Zin.
             Slain by a yak (10 damage)
             ... on level 9 of the Dungeon.
             The game lasted 00:39:57 (10443 turns).

borbor the Protected (Human Fighter)               Turns: 10443, Time: 00:39:58

Health: -3/84      AC: 18    Str: 16    XL:     11   Next: 15%
Magic:  0/11       EV:  6    Int:  9    God:    Zin [****..]
Gold:   301        SH:  6    Dex: 17    Spells: 10/10 levels left

rFire   . . .        a - +0 rapier (spect)
rCold   . . .        c - +0 buckler
rNeg    + . .        f - +0 plate armour
rPois   .            o - +0 helmet
rElec   .            v - +0 cloak
rCorr   .            (no gloves)
SInv    +            g - +0 pair of boots
Will    .....        l - amulet of guardian spirit Stlth
                     e - ring of see invisible
HPRegen 0.34/turn    x - ring of positive energy
MPRegen 0.12/turn

%: guardian spirit
@: no status effects
A: no striking features
a: Renounce Religion, Recite, Vitalisation, Imprison, Donate Gold


You were on level 9 of the Dungeon.
You worshipped Zin.
Zin was greatly pleased with you.
You visited 1 branch of the dungeon, and saw 9 of its levels.
You also visited: Sewer and Ossuary.

You collected 435 gold pieces.
You donated 134 gold pieces to Zin.

Inventory:

Hand Weapons
 a - a +0 spectral rapier (weapon)
Missiles
 b - 5 curare-tipped darts
 C - 2 throwing nets
 D - 6 datura-tipped darts
 F - 17 poisoned darts (quivered)
 G - 9 boomerangs
Armour
 c - a +0 buckler (worn)
 f - a +0 plate armour (worn)
 g - a +0 pair of boots (worn)
 h - a +0 chain mail
 o - a +0 helmet (worn)
 v - a +0 cloak (worn)
Jewellery
 e - a ring of see invisible (left hand)
 j - a ring of magical power
 l - an amulet of guardian spirit (around neck)
 x - a ring of positive energy (right hand)
Wands
 n - a wand of roots (21)
 q - a wand of acid (5)
 E - a wand of flame (58)
Scrolls
 i - a scroll of immolation
 k - 6 scrolls of silence
 s - 2 scrolls of teleportation
 u - a scroll of amnesia
 y - 3 scrolls of fog
 H - a scroll of brand weapon
 I - a scroll of identify
Potions
 d - a potion of might
 m - 2 potions of brilliance
 p - a potion of ambrosia
 r - 2 potions of haste
 t - a potion of heal wounds
 w - 2 potions of attraction
 z - 5 potions of curing
 A - a potion of magic {unknown}
 B - 2 potions of degeneration {unknown}


   Skills:
 * Level 7.0 Fighting
 * Level 8.4(8.6) Short Blades
 + Level 2.8(6.0) Long Blades
 + Level 0.7 Throwing
 * Level 8.7 Armour
 * Level 4.1 Dodging
 * Level 5.1 Stealth
 * Level 6.7 Shields
 + Level 0.1 Invocations


You had 10 spell levels left.
You didn't know any spells.
Your spell library contained the following spells:

 Spells                   Type           Power      Damage    Failure   Level
 Freeze                   Ice            0%         1d3       100%        1
 Sandblast                Erth           0%         2d4       100%        1
 Cigotuvi's Dreadful Rot  Necr/Pois/Air  0%         N/A       100%        2
 Ensorcelled Hibernation  Hex/Ice        0%         N/A       100%        2
 Passwall                 Tmut/Erth      0%         N/A       100%        2
 Call Canine Familiar     Summ           0%         N/A       100%        3
 Frozen Ramparts          Ice            0%         1d1       100%        3
 Hailstorm                Conj/Ice       0%         3d3       100%        3
 Portal Projectile        Hex/Tloc       0%         N/A       100%        3
 Stone Arrow              Conj/Erth      0%         3d7       100%        3
 Swiftness                Air            0%         N/A       100%        3
 Vhi's Electric Charge    Tloc/Air       0%         N/A       100%        3
 Dispel Undead            Necr           0%         3d6       100%        4
 Leda's Liquefaction      Hex/Erth       0%         N/A       100%        4
 Arcjolt                  Conj/Air       0%         1d10      100%        5
 Death Channel            Necr           0%         N/A       100%        6
 Maxwell's Capacitive Co  Air            0%         ∞         100%        8
 Chain Lightning          Conj/Air       0%         N/A       100%        9
 Fire Storm               Conj/Fire      0%         5d1       100%        9
 Shatter                  Erth           0%         3d5*      100%        9


Dungeon Overview and Level Annotations

Branches:
Dungeon (9/15)             Temple (0/1) D:7           Sewer (visited)
Ossuary (visited)
   Lair: D:8-11         Orc: D:9-12

Altars:
Ashenzari
Fedhas
Hepliaklqana
Qazlal
Sif Muna
Zin
The Shining One

Shops:
D:7 (   D:8 *


Message History

* * * LOW HITPOINT WARNING * * *
You hit the yak but do no damage.
The yak is moderately wounded.
Your +0 spectral rapier hits the yak.
You block the yak's attack. The yak gores you.
* * * LOW HITPOINT WARNING * * *
You hit the yak.
The yak is heavily wounded.
Your +0 spectral rapier hits the yak but does no damage.
You hit the yak.
The yak is heavily wounded.
Your +0 spectral rapier barely misses the yak.
The yak gores you but does no damage. The yak gores you!
* * * LOW HITPOINT WARNING * * *
You feel much better.
Your +0 spectral rapier disappears.
The yak gores you!
* * * LOW HITPOINT WARNING * * *
The yak gores you but does no damage.
You barely miss the yak.
The yak is heavily wounded.
Your +0 spectral rapier hits the yak!
The yak gores you.
* * * LOW HITPOINT WARNING * * *
The yak gores you but does no damage.
You hit the yak.
The yak is almost dead.
Your +0 spectral rapier hits the yak!
You kill the yak!
You block the yak's attack.
You puncture the yak!
The yak is lightly wounded.
Your +0 spectral rapier hits the yak.
You puncture the yak!
The yak is heavily wounded.
Your +0 spectral rapier hits the yak.
The yak gores you.
* * * LOW HITPOINT WARNING * * *
You hit the yak.
The yak is almost dead.
Your +0 spectral rapier hits the yak.
The yak gores you!
You die...

##....)...<....#
###..............#
#............<....#
##................##
##................#
##..))....§..§...#
#..)..§.§.......# .#
#>#..~§§§§.......
..###.#@.~~§§§..§....
...#..#Y†~§§§........
.......(~§§§§........
.....#..)§§........>.
........)§.§..#......
........)###.....##..
......#.†######.... .
.....##.....#####...
....# #......... ###.


You could see a yak and a friendly +0 spectral rapier.

Vanquished Creatures
  An unseen horror zombie (D:9)
  A wyvern (D:8)
  11 yaks
  A water moccasin (D:8)
  An ice beast (D:6)
  3 orc warriors
  3 centaurs
  2 phantoms
  5 scorpions
  A kobold brigand (D:8)
  3 bullfrogs
  2 water moccasin zombies (Ossuary)
  A wyvern zombie (Ossuary)
  13 wights
  9 killer bees
  A howler monkey (D:5)
  3 bullfrog zombies (Ossuary)
  7 centaur zombies
  5 jellies
  3 orc priests
  A hound (D:5)
  A sleepcap (D:6)
  7 iguanas
  7 orc wizards
  A killer bee zombie (Ossuary)
  17 mummies
  3 howler monkey zombies
  8 adders
  3 gnolls (D:5)
  3 river rats (Sewer)
  2 white imps
  5 ufetubi
  9 worms
  A dart slug (D:4)
  24 orcs
  12 bats
  20 endoplasms
  6 giant cockroaches
  4 goblins
  11 hobgoblins
  4 jackals
  3 quokkas
  11 ball pythons
  3 frilled lizards
  A goblin zombie (D:4)
  12 kobolds
  A kobold zombie (D:4)
  9 rats
265 creatures vanquished.

Vanquished Creatures (others)
  2 spectral weapons
2 creatures vanquished.

Grand Total: 267 creatures vanquished

Notes
Turn   | Place    | Note
-------+----------+-------------------------------------------
     0 | D:1      | borbor the Human Fighter began the quest for the Orb.
     0 | D:1      | Reached XP level 1. HP: 18/18 MP: 1/1
   147 | D:1      | Reached XP level 2. HP: 19/24 MP: 2/2
   802 | D:2      | Reached XP level 3. HP: 29/29 MP: 3/3
  1134 | D:2      | Reached XP level 4. HP: 35/35 MP: 4/4
  1436 | D:2      | Reached skill level 1 in Long Blades
  2006 | D:3      | Reached XP level 5. HP: 36/41 MP: 5/5
  2022 | D:3      | Found a glowing drain.
  2072 | Sewer    | Entered a sewer
  2294 | Sewer    | Found a viscous altar of Jiyva.
  2353 | Sewer    | Reached XP level 6. HP: 35/48 MP: 6/6
  2787 | D:3      | Reached skill level 1 in Stealth
  3148 | D:4      | Found a broken altar of Ashenzari.
  3203 | D:4      | Found a sand-covered staircase.
  3214 | Ossuary  | Entered an ossuary
  3240 | Ossuary  | Reached XP level 7. HP: 29/55 MP: 4/7
  3490 | Ossuary  | Reached skill level 5 in Armour
  3567 | Ossuary  | Reached XP level 8. HP: 41/61 MP: 5/8
  3657 | Ossuary  | Reached skill level 1 in Dodging
  3823 | Ossuary  | Reached skill level 5 in Fighting
  4086 | D:4      | Found a stormy altar of Qazlal.
  4088 | D:4      | Found a glowing golden altar of the Shining One.
  4091 | D:4      | Found a blossoming altar of Fedhas.
  4091 | D:4      | Found a glowing silver altar of Zin.
  4099 | D:4      | Became a worshipper of Zin the Law-Giver
  4099 | D:4      | Reached * piety under Zin
  4173 | D:4      | Donated 91 gold pieces to Zin
  4765 | D:5      | Entered Level 5 of the Dungeon
  4967 | D:5      | Reached skill level 5 in Shields
  5134 | D:5      | Reached skill level 5 in Short Blades
  5134 | D:5      | Reached XP level 9. HP: 61/68 MP: 7/9
  5242 | D:5      | You fall into a shaft and drop 2 floors!
  5288 | D:7      | Reached ** piety under Zin
  6477 | D:7      | Found Wotioz's Antique Weapon Boutique.
  6851 | D:7      | Found a staircase to the Ecumenical Temple.
  6976 | D:7      | Found a hazy altar of Hepliaklqana.
  7098 | D:7      | Reached *** piety under Zin
  7214 | D:7      | Found a shimmering blue altar of Sif Muna.
  7258 | D:8      | Found Sprawiorgh's Superlative Supplies.
  7840 | D:8      | Reached XP level 10. HP: 58/76 MP: 8/10
  9175 | D:9      | Identified the +0 ring mail of Polytheism {rC+ Int+3 Dex-5
                  | SInv}
  9886 | D:9      | Reached XP level 11. HP: 21/83 MP: 5/11
 10090 | D:9      | Reached **** piety under Zin
 10091 | D:9      | Reached skill level 5 in Stealth
 10437 | D:9      | HP: 4/84 [yak (10)]
 10443 | D:9      | Slain by a yak

Illustrated notes

Levels and vault maps discovered:
D:1:      scummos_arrival_simple_fountains, layout_loops_ring,
          chequers_serial_rivers_small_3
D:2:      minmay_diamond_boxcup, layout_basic, grunt_ministairs_10
D:3:      layout_basic, cheibrodos_sewer_entry_bend, hangedman_feature_mirror
D:4:      layout_basic, mainiacjoe_overflow_alcove_3, lemuel_crystal_altar,
          nicolae_ossuary_entry_giza, serial_rivers,
          chequers_serial_rivers_room_b, chequers_serial_rivers_marsh,
          chequers_serial_rivers_small_b, chequers_serial_rivers_small_3,
          chequers_serial_rivers_micro_a, chequers_serial_rivers_small_3,
          hangedman_decor_lopped
D:5:      layout_rooms, serial_curves, eino_curves_04, eino_curves_01
D:6:      layout_loops_cross
D:7:      layout_basic, tgw_sif, nzn_hepliaklqana_mist_gate,
          minmay_temple_entry_tees, serial_shops, kennysheep_little_box
D:8:      old_forge, layout_basic, nicolae_alphabet_shops
D:9:      layout_cave_pods, serial_undead, serial_undead_f, serial_undead_b,
          serial_undead_b, serial_undead_a, serial_undead_d

Skill      XL: |  1  2  3  4  5  6  7  8  9 10 11 |
---------------+----------------------------------+-----
Long Blades    | 1 2 |  2.8
Armour         | 4 5 6 7 8 |  8.7
Fighting       | 4 5 6 7 |  7.0
Shields        | 4 5 6 |  6.7
Stealth        | 1 2 3 4 5 |  5.1
Short Blades   | 3 5 6 8 |  8.4
Dodging        | 1 2 3 4 |  4.1
Throwing       | |  0.7
Invocations    | |  0.1

Action                     |  1- 3 |  4- 6 |  7- 9 | 10-12 || total
---------------------------+-------+-------+-------+-------++-------
  Melee: Rapier            |   119 |   293 |   505 |   380 ||  1297
  Throw: Dart              |       |       |     3 |       ||     3
 Invoke: Donate Gold       |       |       |     1 |       ||     1
         Recite            |       |       |     1 |       ||     1
    Use: Scroll            |     3 |     9 |     8 |     1 ||    21
         Potion            |       |     1 |     1 |     4 ||     6
   Stab: Distracted        |       |     1 |    12 |     6 ||    19
 Armour: Chain mail        |    55 |   124 |   148 |       ||   327
         Scale mail        |     2 |       |       |       ||     2
         Plate armour      |       |       |    52 |   205 ||   257
  Dodge: Dodged            |    46 |    87 |   125 |    95 ||   353
  Block: Buckler           |    34 |    69 |   118 |   112 ||   333

Table legend: (Time is in decaauts)
 A = Elapsed time spent in this place.
 B = Non-inter-level travel time spent in this place.
 C = Inter-level travel time spent in this place.
 D = Time resting spent in this place.
 E = Time spent auto-exploring this place.
 F = Levels seen in this place.
 G = Mean time per level.
                   A        B        C        D        E       F      G
               +--------+--------+--------+--------+--------+-----+--------+
         Total |  10511 |  10005 |    506 |    930 |   5847 |  11 |  955.5 |
       Dungeon |   9048 |   8542 |    506 |    656 |   5207 |   9 | 1005.3 |
         Sewer |    659 |    659 |      0 |     23 |    420 |   1 |  659.0 |
       Ossuary |    803 |    803 |      0 |    251 |    219 |   1 |  803.0 |
               +--------+--------+--------+--------+--------+-----+--------+

Top non-repeatable levels by time:
     D:8: 1455 daAuts
     D:9: 1417 daAuts
     D:7: 1224 daAuts
     D:2: 1046 daAuts
     D:4: 871 daAuts
     D:6: 860 daAuts
 Ossuary: 803 daAuts
     D:1: 776 daAuts
     D:3: 747 daAuts
   Sewer: 659 daAuts
     D:5: 649 daAuts
